 Dungeon Crawl Stone Soup version 0.28-a0-80-g9707f7362f (webtiles) character file.

Game seed: 7185734522879861045

91 Leeroy the Slasher (level 4, 0/33 HPs)
             Began as a Djinni Warper on Aug 5, 2021.
             Slain by a kobold (4 damage)
             ... on level 4 of the Dungeon.
             The game lasted 00:03:50 (2572 turns).

Leeroy the Slasher (Djinni Warper)                  Turns: 2572, Time: 00:03:51

Health: 0/33       AC:  3    Str: 10    XL:     4   Next: 87%
Gold:   67         EV: 11    Int: 16    God:
                   SH:  0    Dex: 12

rFire   + + .      SeeInvis .   r - +2 whip (venom)
rCold   x . .      Faith    .   (no shield)
rNeg    . . .      Spirit   .   b - +0 leather armour
rPois   ∞          Reflect  .   (no helmet)
rElec   .          Harm     .   (no cloak)
rCorr   .          Rampage  .   (no gloves)
Will    .....                   (boots unavailable)
Stlth   +.........              (no amulet)
HPRegen 0.11/turn               (no ring)
MPRegen 0.00/turn               (no ring)

@: flying
A: sickness immunity, fire resistance 2, cold vulnerability 1, float, innate
caster, hp casting, extra vitality 1
a: no special abilities


You were on level 4 of the Dungeon.
You visited 1 branch of the dungeon, and saw 4 of its levels.

You collected 67 gold pieces.

Inventory:

Hand Weapons
 a - a +0 falchion
 e - a +1 short sword of draining
 k - a +1 dagger of venom
 r - a +2 whip of venom (weapon)
Missiles
 d - 5 boomerangs of dispersal (quivered)
Armour
 b - a +0 leather armour (worn)
 g - a +1 scale mail of willpower
Scrolls
 c - 3 scrolls of blinking
 i - a scroll of immolation {unknown}
 j - 2 scrolls of identify {unknown}
 l - 2 scrolls of teleportation {unknown}
 p - a scroll of amnesia {unknown}
 q - a scroll of fear {unknown}
Potions
 f - a potion of attraction {unknown}
 h - a potion of heal wounds {unknown}
 m - a potion of degeneration {unknown}
 n - a potion of resistance {unknown}
 o - a potion of might {unknown}


   Skills:
 + Level 2.0 Fighting
 - Level 4.2 Long Blades
 - Level 0.7 Throwing
 - Level 1.0 Armour
 - Level 2.1 Dodging
 - Level 2.4 Spellcasting


You couldn't memorise any spells.
You knew the following spells:

 Your Spells              Type           Power      Damage    Failure   Level
a - Blink                 Tloc           N/A        N/A       16%         2
b - Lesser Beckoning      Tloc           4%         N/A       30%         3
c - Gell's Gravitas       Tloc           4%         N/A       30%         3
d - Teleport Other        Tloc           9%         N/A       30%         3
e - Manifold Assault      Tloc           9%         N/A       95%         5
f - Shock                 Conj/Air       36%        1d5       10%         1
Your spell library was empty.

Dungeon Overview and Level Annotations

Branches:
Dungeon (4/15)
 Temple: D:4-7

Altars:

Annotations:
D:2 Sigmund


Innate Abilities, Weirdness & Mutations

You are immune to sickness and miasma.
You are immune to poison.
Your flesh is very heat resistant. (rF++)
You are vulnerable to cold. (rC-)
You float through the air rather than walking.
You learn spells naturally, not from books.
Your magical power is your life essence.
You have superior vitality. (+4 HP)


Message History

There is a stone staircase leading up here.
You hit the kobold brigand.
The kobold brigand is poisoned.
The kobold brigand is lightly wounded.
The kobold brigand closely misses you.
The kobold brigand hits you with a +0 short sword of speed.
You closely miss the kobold brigand.
The kobold brigand is lightly wounded.
The kobold brigand hits you with a +0 short sword of speed. x2
You closely miss the kobold brigand.
The kobold brigand is lightly wounded.
The kobold brigand hits you but does no damage.
You barely miss the kobold brigand.
The kobold brigand is lightly wounded.
The kobold brigand hits you with a +0 short sword of speed!
The kobold brigand closely misses you.
You closely miss the kobold brigand.
The kobold brigand is lightly wounded.
The kobold brigand hits you with a +0 short sword of speed.
* * * LOW HITPOINT WARNING * * *
The kobold brigand hits you with a +0 short sword of speed.
* * * LOW HITPOINT WARNING * * *
There is a stone staircase leading up here.
Casting: Shock (safe; 10% risk of failure)
Confirm with . or Enter, or press ? or * to list all spells.
You blink.
* * * LOW HITPOINT WARNING * * *
The kobold brigand throws a poisoned dart.
The poisoned dart misses you.
The kobold brigand throws a poisoned dart.
The poisoned dart hits you.
There is a stone staircase leading down here.
You fly downwards.
A kobold comes into view.
It is wielding a +0 club and quivering poisoned darts.
Found five items.
Found a stone staircase leading down.
There is a stone staircase leading up here.
Okay, then.
The kobold throws a poisoned dart.
The poisoned dart barely misses you. The kobold hits you but does no damage.
You closely miss the kobold. The kobold hits you with a +0 club.
You die...

#............
............
#.........
#........###
...>.^....##
#..|......#
.####..K!...|#
.......@..[..#
.......<..#..#
....#.(..##
..# ##...# #
#####


You could see a kobold.

Vanquished Creatures
  2 adders (D:2)
  4 worms
  A dart slug (D:1)
  An orc (D:2)
  5 endoplasms
  3 giant cockroaches (D:1)
  5 goblins
  10 hobgoblins
  6 jackals
  6 kobolds
  A ball python (D:1)
  4 bats
  2 frilled lizards
  A rat (D:2)
51 creatures vanquished.

Notes
Turn   | Place    | Note
-------+----------+-------------------------------------------
     0 | D:1      | Leeroy the Djinni Warper began the quest for the Orb.
     0 | D:1      | Reached XP level 1. HP: 18/18 MP: 0/0
    21 | D:1      | Reached skill level 2 in Long Blades
    28 | D:1      | Reached XP level 2. HP: 16/23 MP: 0/0
   638 | D:1      | Reached skill level 3 in Long Blades
   638 | D:1      | Reached XP level 3. HP: 26/28 MP: 0/0
   638 | D:1      | Learned a level 1 spell: Shock
   928 | D:2      | Noticed Sigmund
  1590 | D:2      | Reached XP level 4. HP: 32/33 MP: 0/0
  1840 | D:2      | Reached skill level 4 in Long Blades
  2550 | D:3      | Noticed a kobold brigand
  2572 | D:4      | Slain by a kobold

Illustrated notes

Levels and vault maps discovered:
D:1:      dpeg_arrival_tiny_a, layout_rooms, chequers_serial_rivers_room_b
D:2:      layout_basic, grunt_decor_mini_mirrors, minmay_misc_feat_cross,
          minmay_circle_x, uniq_sigmund
D:3:      minmay_chambers_of_twos, layout_basic, jmf_multi_god_temple,
          mainiacjoe_overflow_boulevard, hellmonk_ecumenical_altar_run_dry,
          minivault_5, uniq_jessica
D:4:      layout_cave_pools, slow_altar_2, minmay_misc_feat_iff, uniq_menkaure,
          uniq_ijyb

Skill      XL: |  1  2  3  4 |
---------------+-------------+-----
Long Blades    | 2 3 4 |  4.2
Fighting       | |  2.0
Throwing       | |  0.7
Armour         | |  1.0
Dodging        | |  2.1
Spellcasting   | |  2.4

Action                   |  1- 3 |  4- 6 || total
-------------------------+-------+-------++-------
Melee: Falchion          |    16 |       ||    16
       Short sword       |    75 |    43 ||   118
       Whip              |       |     6 ||     6
 Cast: Shock             |     7 |       ||     7
       Blink             |       |     1 ||     1
  Use: Scroll            |     1 |       ||     1
Armor: Leather armour    |    28 |     8 ||    36
Dodge: Dodged            |    67 |    25 ||    92
       Rpst.: Falchion   |     5 |       ||     5

Table legend: (Time is in decaauts)
 A = Elapsed time spent in this place.
 B = Non-inter-level travel time spent in this place.
 C = Inter-level travel time spent in this place.
 D = Time resting spent in this place.
 E = Time spent auto-exploring this place.
 F = Levels seen in this place.
 G = Mean time per level.
                   A        B        C        D        E       F      G
               +--------+--------+--------+--------+--------+-----+--------+
         Total |   2576 |   2443 |    133 |    553 |   1430 |   4 |  644.0 |
       Dungeon |   2576 |   2443 |    133 |    553 |   1430 |   4 |  644.0 |
               +--------+--------+--------+--------+--------+-----+--------+

Top non-repeatable levels by time:
     D:1: 1323 daAuts
     D:2: 1209 daAuts
     D:3: 40 daAuts
     D:4: 2 daAuts
